 Seeded DCSS version 0.29.1-12-g30fa7ad0bf (webtiles) character file.

Game seed: 1 (custom seed)

104 Kazon the Shooter (level 4, 0/33 HPs)
             Began as a Demonspawn Hunter on Dec 22, 2022.
             Killed by divine providence
             ... invoked by an orc priest
              (11 damage)
             ... on level 3 of the Dungeon.
             The game lasted 00:07:12 (1587 turns).

Kazon the Shooter (Demonspawn Hunter)               Turns: 1587, Time: 00:07:13

Health: 0/33       AC:  8    Str: 13    XL:     4   Next: 52%
Magic:  4/4        EV: 12    Int: 11    God:
Gold:   22         SH:  0    Dex: 16    Spells: 3/3 levels left

rFire   . . .      SeeInvis .   s - +3 falchion of Winter {venom, rCorr}
rCold   . . .      Faith    .   (no shield)
rNeg    + . .      Spirit   .   c - +0 leather armour
rPois   .          Reflect  .   l - +0 helmet
rElec   .          Harm     .   (no cloak)
rCorr   +          Rampage  ∞   (no gloves)
Will    .....                   d - +3 pair of seven-league boots {Rampage+∞}
Stlth   ++........              n - amulet of the acrobat
HPRegen 0.11/turn               q - ring of positive energy
MPRegen 0.09/turn               (no ring)

@: no status effects
A: powered by death 1, spiny 1
a: no special abilities


You were on level 3 of the Dungeon.
You visited 1 branch of the dungeon, and saw 3 of its levels.

You collected 206 gold pieces.
You spent 184 gold pieces at shops.

Inventory:

Hand Weapons
 a - a +0 shortbow
 e - a +2 dagger of venom
 s - the +3 falchion of Winter (weapon) {venom, rCorr}
   (You bought it in a shop on level 3 of the Dungeon)

   It poisons the flesh of those it strikes.
   rCorr:     It protects you from acid and corrosion.
Missiles
 j - a throwing net
 k - 26 stones (quivered)
 p - 3 boomerangs
Armour
 c - a +0 leather armour (worn)
 d - the +3 pair of seven-league boots (worn) {Rampage+∞}
   (You acquired it on level 1 of the Dungeon)

   Its wearer moves as far as possible in that direction when moving towards
   enemies.
 l - a +0 helmet (worn)
Jewellery
 n - an amulet of the acrobat (around neck)
 q - a ring of positive energy (left hand)
Scrolls
 i - 6 scrolls of identify {unknown}
 m - 2 scrolls of immolation
 o - a scroll of fog {unknown}
Potions
 b - 2 potions of berserk rage {unknown}
 f - a potion of haste {unknown}
 g - a potion of flight {unknown}
 h - a potion of attraction {unknown}


   Skills:
 + Level 2.2 Fighting
 + Level 1.0 Short Blades
 + Level 0.1(0.5) Long Blades
 + Level 4.9 Ranged Weapons
 + Level 0.4 Armour
 + Level 2.0 Dodging
 + Level 1.1 Stealth


You had 3 spell levels left.
You didn't know any spells.
Your spell library contained the following spells:

 Spells                   Type           Power      Damage    Failure   Level
 Apportation              Tloc           0%         N/A       41%         1
 Necrotise                Necr           0%         1d4       41%         1
 Sting                    Tmut/Pois      0%         1d3       41%         1
 Summon Small Mammal      Summ           0%         N/A       41%         1
 Poisonous Vapours        Pois/Air       0%         N/A       56%         2
 Olgreb's Toxic Radiance  Pois           0%         N/A       99%         4


Dungeon Overview and Level Annotations

Branches:
Dungeon (3/15)

Altars:

Shops:
D:3 (


Innate Abilities, Weirdness & Mutations

You regenerate a little health from kills.
You are partially covered in sharp spines.


Message History

An orc comes into view.
It is wielding a +1 dagger of holy wrath.
You stride towards the orc!
An orc priest and 3 orcs come into view.
The orc shouts!
You hit the orc.
The orc is poisoned.
The orc is moderately wounded.
The orc shouts! x2; The orc priest shouts!
The orc barely misses you.
The orc moves out of view.
You hit the orc.
The orc is poisoned.
The orc is severely wounded.
You kill the orc!
The orc hits you with a +1 dagger of holy wrath.
You convulse.
The orc completely misses you. The orc hits you but does no damage.
The orc closely misses you.
You closely miss the orc.
The orc is moderately wounded.
The orc barely misses you. x2; The orc hits you but does no damage.
You completely miss the orc. The orc hits you with a +0 mace.
The orc hits you but does no damage. The orc closely misses you.
You slash the orc!
You kill the orc!
The orc is struck by your spines. The orc hits you but does no damage.
The orc closely misses you. The orc hits you with a +0 mace.
The orc is struck by your spines.
You kill the orc!
The orc priest mumbles some strange prayers to Beogh against you.
Beogh smites you!
You closely miss the orc.
The orc is heavily wounded.
The orc hits you with a +0 mace.
* * * LOW HITPOINT WARNING * * *
The orc priest closely misses you.
You hit the orc priest.
The orc priest is moderately wounded.
The orc hits you but does no damage. The orc priest closely misses you.
You hit the orc priest.
The orc priest is poisoned.
The orc priest is severely wounded.
The orc priest mumbles some strange prayers to Beogh against you.
Beogh smites you!
You die...

#######.....##
.............#
..............#########
......................#
...........#..........+
...........#.... .....#
...........#.... .....#
........#.#.#.#.#o....#
................@)....#
........#.##+##.#o....#
..........# #. .....#
........#.+ +. .....#
..#..#.#..# #. .####..
.#.#.#..#.# #. ## .
.....##..... .. .#.#.#
##.#.# #. .....# #####


You could see an orc priest (very poisoned) and an orc.

Vanquished Creatures
  3 gnolls (D:2)
  2 adders (D:2)
  A worm (D:2)
  3 orcs (D:3)
  9 endoplasms
  A giant cockroach (D:1)
  7 goblins
  6 hobgoblins
  3 kobolds
  A quokka (D:1)
  2 ball pythons (D:2)
  3 bats
  3 frilled lizards
  5 rats
49 creatures vanquished.

Notes
Turn   | Place    | Note
-------+----------+-------------------------------------------
     0 | D:1      | Kazon the Demonspawn Hunter began the quest for the Orb.
     0 | D:1      | Reached XP level 1. HP: 16/16 MP: 1/1
    32 | D:1      | Identified a scroll of acquirement
    32 | D:1      | Acquired the +3 pair of seven-league boots {Rampage+∞}
    32 | D:1      | Found the +3 pair of seven-league boots {Rampage+∞}
   136 | D:1      | Reached skill level 4 in Ranged Weapons
   151 | D:1      | Gained mutation: You are partially covered in sharp spines.
                  | [demonic ancestry]
   151 | D:1      | Reached XP level 2. HP: 22/22 MP: 2/2
   803 | D:2      | Gained mutation: You regenerate a little health from kills.
                  | [demonic ancestry]
   803 | D:2      | Reached XP level 3. HP: 23/27 MP: 3/3
   980 | D:2      | Reached skill level 1 in Stealth
  1154 | D:2      | Reached XP level 4. HP: 33/33 MP: 4/4
  1386 | D:3      | Found Umat's Antique Weapon Boutique.
  1413 | D:3      | Bought a crude falchion for 184 gold pieces
  1413 | D:3      | Identified the +3 falchion of Winter {venom, rCorr} (You
                  | bought it in a shop on level 3 of the Dungeon)
  1479 | D:3      | Reached skill level 1 in Short Blades
  1587 | D:3      | Killed from afar by an orc priest

Illustrated notes

Levels and vault maps discovered:
D:1:      dpeg_arrival_three_smaller_balls, layout_basic
D:2:      layout_loops_ring
D:3:      layout_basic, serial_shops, nicolae_shop_stone, st_stairs_9,
          minmay_misc_feat_doors, eino_curves_03, uniq_robin

Skill      XL: |  1  2  3  4 |
---------------+-------------+-----
Ranged Weapons | 4 |  4.9
Stealth        | 1 |  1.1
Dodging        | 2 |  2.0
Short Blades   | 1 |  1.0
Fighting       | |  2.2
Long Blades    | |  0.1
Armour         | |  0.4

Action                   |  1- 3 |  4- 6 || total
-------------------------+-------+-------++-------
Melee: Dagger            |    71 |    11 ||    82
       Falchion          |       |    20 ||    20
 Fire: Shortbow          |    18 |       ||    18
  Use: Scroll            |     1 |       ||     1
 Stab: Sleeping          |     1 |       ||     1
Armor: Leather armour    |    24 |     6 ||    30
Dodge: Dodged            |    34 |    20 ||    54
